 Dungeon Crawl Stone Soup version 0.21-a0-442-g848f44b (webtiles) character file.

7075 nikopol the Thaumaturge (level 10, -2/52 HPs)
             Began as a Deep Elf Fire Elementalist on Nov 14, 2017.
             Was a High Priest of Sif Muna.
             Killed from afar by an orc wizard (4 damage)
             ... with a puff of frost
             ... on level 9 of the Dungeon.
             The game lasted 00:44:33 (12114 turns).

nikopol the Thaumaturge (DEFE)                     Turns: 12114, Time: 00:44:34

Health: -2/52      AC:  4    Str:  5    XL:     10   Next: 84%
Magic:  7/29       EV: 14    Int: 24    God:    Sif Muna [*****.]
Gold:   441        SH:  0    Dex: 15    Spells: 19/35 levels left

rFire    . . .     SeeInvis +   w - +3 short sword (freeze) (curse)
rCold    . . .     Gourm    .   (no shield)
rNeg     . . .     Faith    .   K - +0 robe (curse)
rPois    +         Spirit   .   B - +0 helmet
rElec    .         Reflect  .   E - scarf {cloud immunity}
rCorr    .         Harm     .   o - +0 pair of gloves
MR       +....                  (no boots)
Stlth    +++.......             (no amulet)
HPRegen  0.17/turn              S - ring of see invisible
MPRegen  0.21/turn              n - ring of poison resistance

@: no status effects
A: no striking features
a: Divine Energy, Channel Magic, Forget Spell, Renounce Religion


You were on level 9 of the Dungeon.
You worshipped Sif Muna.
Sif Muna was extremely pleased with you.
You were hungry.

You visited 2 branches of the dungeon, and saw 10 of its levels.

You collected 441 gold pieces.

Inventory:

Hand Weapons
 w - a cursed +3 short sword of freezing (weapon)
Armour
 o - a +0 pair of gloves (worn)
 B - a +0 helmet (worn)
 E - a scarf of cloud immunity (worn)
 K - a cursed +0 robe (worn)
Jewellery
 a - an uncursed ring of flight
 n - a ring of poison resistance (right hand)
 p - an uncursed ring of positive energy
 S - a ring of see invisible (left hand)
Wands
 F - a wand of enslavement (10/24)
 G - a wand of enslavement (10/24)
 H - a wand of paralysis (9/24)
 I - a wand of lightning (4/15)
 P - a wand of lightning (7/15)
Scrolls
 e - 2 scrolls of recharging
 f - 4 scrolls of enchant weapon
 l - 5 scrolls of teleportation
 s - a scroll of fear
 y - a scroll of fog
 A - 3 scrolls of remove curse
 N - 2 scrolls of amnesia
Potions
 d - 2 potions of curing
 h - a potion of magic {unknown}
 i - 3 potions of heal wounds {unknown}
 j - a potion of resistance
 k - 3 potions of haste
 r - 5 potions of flight
 t - a potion of agility {unknown}
 v - a potion of brilliance {unknown}
 z - a potion of might {unknown}
 D - a potion of lignification {unknown}
 M - a potion of ambrosia {unknown}
Books
 b - a book of Flames

   Spells                             Type                      Level
   a - Flame Tongue                   Conjuration/Fire             1
   b - Throw Flame                    Conjuration/Fire             2
   c - Conjure Flame                  Conjuration/Fire             3
   d - Inner Flame                    Hexes/Fire                   3
   e - Sticky Flame                   Conjuration/Fire             4
   f - Fireball                       Conjuration/Fire             5
 u - a book of Minor Magic

   Spells                             Type                      Level
   a - Magic Dart                     Conjuration                  1
   b - Blink                          Translocation                2
   c - Call Imp                       Summoning                    2
   d - Slow                           Hexes                        2
   e - Conjure Flame                  Conjuration/Fire             3
   f - Mephitic Cloud                 Conjuration/Poison/Air       3
 x - Sif Muna's Handbook of Battle Magic and Calling
   (Sif Muna gifted it to you on level 9 of the Dungeon)

   Spells                             Type                      Level
   a - Flame Tongue                   Conjuration/Fire             1
   b - Dazzling Spray                 Conjuration/Hexes            3
   c - Fulminant Prism                Conjuration/Hexes            4
   d - Summon Ice Beast               Ice/Summoning                4
   e - Iskenderun's Battlesphere      Conjuration/Charms           5
   f - Summon Demon                   Summoning                    5
Comestibles
 c - 7 bread rations
 g - 5 meat rations
 m - 3 fruits
 q - 8 royal jellies


   Skills:
 + Level 1.1 Fighting
 + Level 4.0 Dodging
 + Level 5.1 Stealth
 + Level 13.0 Spellcasting
 + Level 10.1 Conjurations
 + Level 9.8 Fire Magic


You had 19 spell levels left.
You knew the following spells:

 Your Spells              Type           Power        Failure   Level  Hunger
a - Flame Tongue          Conj/Fire      #####        1%          1    None
b - Throw Flame           Conj/Fire      ######       1%          2    None
c - Conjure Flame         Conj/Fire      ######..     1%          3    None
d - Fireball              Conj/Fire      ######....   1%          5    ###....
e - Dazzling Spray        Conj/Hex       #####.       1%          3    None
f - Blink                 Tloc           N/A          6%          2    None


Dungeon Overview and Level Annotations

Branches:
Dungeon (9/15)             Temple (1/1) D:4
   Lair: D:8-11         Orc: D:9-12

Altars:
Ashenzari
Cheibriados
Dithmenos
Elyvilon
Fedhas
Gozag
Hepliaklqana
Kikubaaqudgha
Makhleb
Nemelex Xobeh
Okawaru
Qazlal
Ru
Sif Muna
Trog
Uskayaw
Vehumet
Wu Jian
Xom
Yredelemnul
Zin
The Shining One


Message History

The killer bee stings you but does no damage.
Casting: Fireball
Confirm with . or Enter, or press ? or * to list all spells.
Aiming: Fireball
Press: ? - help, Shift-Dir - straight line The fireball explodes!
The fireball engulfs the black bear.
You kill the black bear!
Sif Muna accepts your kill.
Your Spellcasting skill increases to level 13!
The crimson imp shouts!
The killer bee barely misses you.
The killer bee stings you but does no damage.
The killer bee closely misses you.
The orc wizard gestures at you while chanting.
The magic dart hits you!
* * * LOW HITPOINT WARNING * * *
The killer bee closely misses you. The orc wizard casts a spell at you.
The puff of frost hits you!
You die...

#.## #....# ####'#### #.... #.
........########._.+## #.
.......[[.##.....§5..# ##.####
.....)..#[.#.........######.....>
.....)..##.'........o'...##......
........####.........###.##......
........# #....y....# .........
##'###### #...†@....# ##......
#...# ####'###### #####.# ###.###
#...# ##..# #...# ####'#### #..##
######'### #.......# #.##
.........# #.......# #.#
.........#####.....[.# ##.###
.....[...##..'......[### #.....
.........'..##.......'.## #.W...


You could see a killer bee, an orc wizard and a crimson imp.

Vanquished Creatures
  A two-headed ogre (D:9)
  The ghost of JackS81 the Covert, a novice OpAs of Dithmenos (D:5)
  The ghost of anet the Magician, a novice DEWz (D:6)
  The ghost of splatterpode the Sneak, an amateur OpAs (D:4)
  A hippogriff (D:8)
  A human (D:8)
  3 hogs (D:8)
  A yak (D:8)
  A hungry ghost (D:9)
  A steam dragon (D:9)
  A hornet zombie (D:9)
  3 phantoms
  A sky beast (D:8)
  3 orc warriors
  2 ice beasts
  4 black bears
  A necrophage (D:7)
  4 ogres
  2 centaurs
  A big kobold (D:7)
  3 bullfrogs
  14 killer bees
  12 wights
  5 howler monkeys (D:7)
  3 orc priests
  3 hounds
  2 jellies
  A bullfrog skeleton (D:6)
  A centaur skeleton (D:8)
  Ijyb (D:4)
  Terence (D:3)
  4 iguanas
  7 orc wizards
  8 worker ants
  A river rat (D:6)
  9 adders
  10 gnolls
  2 shadow imps
  An adder skeleton (D:4)
  A worm (D:4)
  A dart slug (D:1)
  4 leopard geckos
  22 orcs
  8 giant cockroaches
  6 goblins
  8 hobgoblins
  4 jackals
  10 kobolds
  4 quokkas
  A ball python (D:6)
  10 bats
  4 frilled lizards
  3 leopard gecko zombies
  A quokka zombie (D:8)
  4 rats
213 creatures vanquished.

Notes
Turn   | Place    | Note
-------+----------+-------------------------------------------
     0 | D:1      | nikopol the Deep Elf Fire Elementalist began the quest for the Orb.
     0 | D:1      | Reached XP level 1. HP: 10/10 MP: 6/6
   371 | D:1      | Reached XP level 2. HP: 15/15 MP: 6/8
  1414 | D:2      | Reached XP level 3. HP: 19/19 MP: 7/10
  1982 | D:2      | Reached skill level 4 in Spellcasting
  2306 | D:3      | Noticed Terence
  2326 | D:2      | Learned a level 2 spell: Throw Flame
  2330 | D:2      | Learned a level 3 spell: Conjure Flame
  2744 | D:3      | Reached XP level 4. HP: 23/24 MP: 9/12
  2901 | D:3      | Killed Terence
  3443 | D:3      | Reached XP level 5. HP: 28/28 MP: 11/13
  3928 | D:4      | Reached skill level 5 in Spellcasting
  4144 | D:4      | Noticed a phantom
  4144 | D:4      | Noticed splatterpode's ghost (amateur OpAs)
  4206 | D:4      | Found a staircase to the Ecumenical Temple.
  4215 | D:4      | Noticed Ijyb
  4227 | Temple   | Entered the Ecumenical Temple
  4345 | Temple   | Became a worshipper of Sif Muna the Loreminder
  4396 | D:4      | Killed Ijyb
  4489 | D:4      | Reached XP level 6. HP: 25/32 MP: 4/16
  4502 | D:4      | Learned a level 5 spell: Fireball
  4749 | D:4      | Reached skill level 5 in Fire Magic
  4928 | D:4      | Killed splatterpode's ghost
  4928 | D:4      | Reached skill level 6 in Spellcasting
  4928 | D:4      | Reached XP level 7. HP: 37/37 MP: 7/18
  5104 | D:5      | Entered Level 5 of the Dungeon
  5262 | D:5      | Reached skill level 5 in Conjurations
  5276 | D:5      | Noticed JackS81's ghost (novice OpAs)
  5313 | D:5      | Reached * piety under Sif Muna
  5436 | D:5      | Killed JackS81's ghost
  5436 | D:5      | Reached skill level 7 in Spellcasting
  5436 | D:5      | Reached XP level 8. HP: 40/42 MP: 2/21
  6207 | D:6      | Reached skill level 8 in Spellcasting
  6685 | D:6      | Reached ** piety under Sif Muna
  6777 | D:6      | Reached skill level 9 in Spellcasting
  7377 | D:6      | Noticed anet's ghost (novice DEWz)
  7389 | D:6      | Killed anet's ghost
  7389 | D:6      | Reached XP level 9. HP: 33/46 MP: 14/24
  7902 | D:7      | Reached skill level 10 in Spellcasting
  8365 | D:7      | Reached *** piety under Sif Muna
  8412 | D:7      | Reached skill level 1 in Fighting
  8418 | D:7      | Found a deep blue altar of Sif Muna.
  8664 | D:7      | Reached skill level 11 in Spellcasting
  9803 | D:8      | Reached XP level 10. HP: 52/52 MP: 13/27
 10168 | D:8      | Reached **** piety under Sif Muna
 10803 | D:8      | Reached skill level 12 in Spellcasting
 11044 | D:9      | Found a white marble altar of Elyvilon.
 11046 | D:9      | Found a hazy altar of Hepliaklqana.
 11046 | D:9      | Found a stormy altar of Qazlal.
 11048 | D:9      | Found an ornate altar of the Wu Jian Council.
 11048 | D:9      | Found an ornate altar of the Wu Jian Council.
 11048 | D:9      | Found a shimmering altar of Xom.
 11101 | D:9      | Noticed a two-headed ogre
 11103 | D:9      | Killed a two-headed ogre
 11287 | D:9      | Reached ***** piety under Sif Muna
 11291 | D:9      | Reached skill level 5 in Stealth
 11293 | D:9      | Identified Sif Muna's Handbook of Battle Magic and Calling (Sif Muna gifted it to you on level 9 of the Dungeon)
 11293 | D:9      | Received a gift from Sif Muna
 11295 | D:9      | Reached skill level 10 in Conjurations
 11875 | D:9      | Learned a level 3 spell: Dazzling Spray
 11878 | D:9      | Learned a level 2 spell: Blink
 12090 | D:9      | Found a shadowy altar of Dithmenos.
 12108 | D:9      | HP: 2/52 [poisoned by a killer bee]
 12111 | D:9      | Reached skill level 13 in Spellcasting
 12113 | D:9      | HP: 2/52 [orc wizard/magic dart (4)]
 12114 | D:9      | Killed from afar by an orc wizard

Vault maps used:
D:1:      co_arrival_square_in_a_square_in_a_square, solitary_fountain,
          patterned_corridor
D:2:      minmay_pentomino_p4
D:3:      first_bread, uniq_terence
D:4:      minmay_temple_entry_glass, uniq_ijyb
D:6:      portal_sewer_entry_b, corexii_hall_statues_i,
          kennysheep_generic_room_14
D:7:      basic_altar
D:8:      grunt_livestock, grunt_decor_cap
D:9:      grunt_dithmenos_smoke, doesnt_xom_only_xom
Temple:   kilobyte_greek_temple

Skill      XL: |  1  2  3  4  5  6  7  8  9 10 |
---------------+-------------------------------+-----
Spellcasting   | 4 5 6 7 9 11 13 | 13.0
Conjurations   | 2 3 4 5 7 8 10 | 10.1
Fire Magic     | 4 5 6 7 8 9 |  9.8
Stealth        | 3 4 5 |  5.1
Dodging        | 3 4 |  4.0
Fighting       | 1 |  1.1

Action                   |  1- 3 |  4- 6 |  7- 9 | 10-12 || total
-------------------------+-------+-------+-------+-------++-------
Melee: Dagger            |       |    15 |       |       ||    15
 Cast: Flame Tongue      |   101 |    94 |   256 |   132 ||   583
       Conjure Flame     |     2 |     5 |    13 |     9 ||    29
       Throw Flame       |     1 |    11 |    26 |    19 ||    57
       Fireball          |       |       |    12 |    12 ||    24
  Use: Scroll            |       |     6 |     4 |     5 ||    15
       Potion            |       |       |       |     1 ||     1
  Eat: Chunk             |     5 |     7 |    16 |     7 ||    35
       Royal jelly       |       |       |     1 |       ||     1
Armor: Robe              |     8 |     3 |     7 |    13 ||    31
Dodge: Dodged            |    18 |    22 |    33 |    45 ||   118

Table legend:
 A = Spawn XP
 B = Non-spawn XP
 C = Spawn XP percentage of total XP
 D = Spawn monster count
 E = Non-spawn monster count
 F = Spawn count percentage of total count
 G = Total turns spent on level
                    A         B        C        D         E        F      G
               +---------+---------+-------+---------+---------+-------+---------
         Total |       0 |   10108 |   0.0 |       0 |     213 |   0.0 | 12114
               +---------+---------+-------+---------+---------+-------+---------
           D:1 |       0 |      37 |   0.0 |       0 |      21 |   0.0 |  1300
           D:2 |       0 |      23 |   0.0 |       0 |      15 |   0.0 |  1081
           D:3 |       0 |     137 |   0.0 |       0 |      23 |   0.0 |  1540
           D:4 |       0 |     648 |   0.0 |       0 |      17 |   0.0 |  1023
           D:5 |       0 |     820 |   0.0 |       0 |      14 |   0.0 |  1311
           D:6 |       0 |    1440 |   0.0 |       0 |      35 |   0.0 |  1466
           D:7 |       0 |    1370 |   0.0 |       0 |      26 |   0.0 |  1143
           D:8 |       0 |    2619 |   0.0 |       0 |      32 |   0.0 |  2202
           D:9 |       0 |    3014 |   0.0 |       0 |      30 |   0.0 |   888
               +---------+---------+-------+---------+---------+-------+---------
